 Dungeon Crawl Stone Soup version 0.27-a0-1334-g2746e35aca (webtiles) character file.

Game seed: 3774421605258932661

12945 jasper the Blocker (level 12, -9/91 HPs)
             Began as a Djinni Hedge Wizard on June 9, 2021.
             Was a Believer of Makhleb.
             Mangled by a komodo dragon (28 damage)
             ... on level 3 of the Lair of Beasts on June 26, 2021.
             The game lasted 00:27:25 (16764 turns).

jasper the Blocker (Djinni Hedge Wizard)           Turns: 16764, Time: 00:27:27

Health: -9/91      AC: 10    Str: 13    XL:     12   Next: 26%
Gold:   541        EV: 14    Int: 21    God:    Makhleb [**....] SH: 17 Dex: 13

rFire    + + +     SeeInvis .   I - +2 whip (elec)
rCold    . . .     Faith    .   E - +1 kite shield of Valour {rF+ rC+ Str+4}
rNeg     . . .     Spirit   .   b - +0 robe
rPois    ∞         Reflect  +   g - +0 helmet
rElec    .         Harm     .   r - +0 cloak
rCorr    .         Rampage  .   w - +1 pair of gloves
Will     +....                  (boots unavailable)
Stlth    ++........             L - amulet of reflection
HPRegen  0.25/turn              o - +4 ring of protection
MPRegen  0.00/turn              t - ring of wizardry

@: liquefying, flying, very slightly contaminated, slowed movement, very slow
A: sickness immunity, fire resistance 2, cold vulnerability 1, float, innate
caster, hp casting, extra vitality 1
a: Renounce Religion, Minor Destruction


You were on level 3 of the Lair of Beasts.
You worshipped Makhleb.
Makhleb was pleased with you.
You visited 3 branches of the dungeon, and saw 13 of its levels.

You collected 619 gold pieces.
You spent 78 gold pieces at shops.

Inventory:

Hand Weapons
 a - a +0 dagger
 n - a +0 vorpal lajatang
 p - a +2 dagger of electrocution
 I - a +2 whip of electrocution (weapon)
Missiles
 e - 302 stones
 i - 68 sling bullets
 s - 5 silver javelins
 C - 3 throwing nets
Armour
 b - a +0 robe (worn)
 c - a +0 hat
 g - a +0 helmet (worn)
 j - a +0 pair of gloves
 m - a +2 ring mail of cold resistance
 q - a +0 helmet
 r - a +0 cloak (worn)
 w - a +1 pair of gloves (worn)
 E - the +1 kite shield of Valour (worn) {rF+ rC+ Str+4}
   (You found it on level 6 of the Dungeon)

   It affects your strength (+4).
   It protects you from fire.
   It protects you from cold.
Magical Staves
 P - a staff of earth
Jewellery
 o - a +4 ring of protection (left hand)
 t - a ring of wizardry (right hand)
 v - an amulet of guardian spirit
 L - an amulet of reflection (around neck)
 O - a +6 ring of strength
 R - a ring of protection from fire
Wands
 k - a wand of flame (55)
 x - a wand of acid (2)
 y - a wand of polymorph (11)
 H - a wand of paralysis (30)
 W - a wand of iceblast (8)
Scrolls
 z - 3 scrolls of fog
 B - a scroll of torment
 D - 2 scrolls of magic mapping
 F - 4 scrolls of teleportation
 G - 3 scrolls of noise
 J - a scroll of immolation
 N - a scroll of fear
 Q - a scroll of enchant armour
Potions
 d - 2 potions of heal wounds
 f - 5 potions of curing
 h - 3 potions of haste
 l - a potion of degeneration
 u - 2 potions of attraction
 A - a potion of mutation
 K - a potion of invisibility {unknown}
 M - a potion of might {unknown}
 T - a potion of berserk rage {unknown}
 V - a potion of flight {unknown}


   Skills:
 - Level 10.0 Fighting
 - Level 8.0 Dodging
 - Level 1.5 Stealth
 + Level 10.6 Shields
 - Level 6.0 Spellcasting
 - Level 4.2 Invocations
 - Level 5.0 Evocations


You couldn't memorise any spells.
You knew the following spells:

 Your Spells              Type           Power      Damage    Failure   Level
a - Magic Dart            Conj           100%       1d8       1%          1
b - Blink                 Tloc           N/A        N/A       1%          2
c - Call Imp              Summ           31%        N/A       1%          2
d - Slow                  Hex            31%        N/A       1%          2
e - Conjure Flame         Conj/Fire      31%        6-21      1%          3
f - Mephitic Cloud        Conj/Pois/Air  31%        N/A       1%          3
g - Animate Skeleton      Necr           62%        N/A       1%          1
h - Poisonous Vapours     Pois/Air       62%        N/A       1%          2
i - Confusing Touch       Hex            31%        N/A       1%          3
j - Leda's Liquefaction   Hex/Erth       15%        N/A       6%          4
k - Olgreb's Toxic Radia  Pois           31%        N/A       6%          4
Your spell library was empty.

Dungeon Overview and Level Annotations

Branches:
Dungeon (9/15)             Temple (1/1) D:7            Lair (3/6) D:9
  Swamp (0/4) Lair:2
  Snake: Lair:2-4    Spider: Lair:2-4       Orc: D:9-12

Altars:
Ashenzari
Cheibriados
Dithmenos
Elyvilon
Fedhas
Gozag
Hepliaklqana
Kikubaaqudgha
Makhleb
Nemelex Xobeh
Okawaru
Qazlal
Sif Muna
Trog
Uskayaw
Vehumet
Wu Jian
Xom
Yredelemnul
Zin
The Shining One

Shops:
D:2 [   D:6 ?[

Annotations:
D:5 exclusion: wraith


Innate Abilities, Weirdness & Mutations

You are immune to sickness and miasma.
You are immune to poison.
Your flesh is very heat resistant. (rF++)
You are vulnerable to cold. (rC-)
You float through the air rather than walking.
You learn spells naturally, not from books.
Your magical power is your life essence.
You have superior vitality. (+4 HP)


Message History

The blink frog blinks!
The komodo dragon bites your yak skeleton!!
Your yak skeleton is destroyed!
The blink frog blinks!
You hit the yak. Lightning courses through the yak!
The yak is severely wounded.
Makhleb accepts your kill.
You feel better.
You feel a bit more experienced.
The yak becomes momentarily stuck in the liquid earth. x2
You regained 3 hp, and now have 44/91 hp.
You barely miss the komodo dragon.
The komodo dragon is heavily wounded.
You block the komodo dragon's attack. You block the yak's attack.
You hit the komodo dragon but do no damage.
Lightning courses through the komodo dragon!
The komodo dragon is severely wounded.
The komodo dragon bites you!!
* * * LOW HITPOINT WARNING * * *
The yak gores you but does no damage.
You take 19 damage, and have 25/91 hp.
MASSIVE DAMAGE!!
You completely miss the komodo dragon.
The komodo dragon is almost dead.
The komodo dragon becomes momentarily stuck in the liquid earth.
The yak gores you.
* * * LOW HITPOINT WARNING * * *
The komodo dragon becomes momentarily stuck in the liquid earth.
You take 2 damage, and have 23/91 hp.
You hit the komodo dragon but do no damage.
The komodo dragon is severely wounded.
You block the yak's attack. You block the komodo dragon's attack.
Casting: Olgreb's Toxic Radiance (dangerous; 6% risk of failure)
Confirm with . or Enter, or press ? or * to list all spells.
You miscast Olgreb's Toxic Radiance.
You are very lightly contaminated with residual magic.
Nothing appears to happen.
* * * LOW HITPOINT WARNING * * *
The komodo dragon looks more healthy.
The yak becomes momentarily stuck in the liquid earth.
The komodo dragon bites you!!
You die...

# #. #.#
#..#####.##
#..@.......
#..lY......
#...........
.............
###...........
#...........
##..........
#..........


You could see a komodo dragon (struggling) and a yak (very poisoned,
struggling).

Vanquished Creatures
  2 hydras (Lair:2)
  A two-headed ogre (D:9)
  Pikel (D:6)
  4 elephants (Lair:2)
  4 cane toads
  2 komodo dragons
  A polar bear (Lair:2)
  Prince Ribbit (D:9)
  A hornet (D:9)
  6 blink frogs
  3 wyverns
  6 yaks (Lair:3)
  2 basilisks
  Menkaure (D:7)
  3 steam dragons
  4 water moccasins
  4 orc warriors
  An ice beast (D:7)
  A necrophage (D:5)
  2 ogres
  A black bear (D:4)
  4 centaurs
  A lemure (D:6)
  3 kobold brigands
  5 bullfrogs
  4 scorpions
  4 wights (D:7)
  A howler monkey (D:9)
  A bullfrog zombie (D:5)
  3 centaur zombies
  5 hounds
  2 gnoll shamans
  5 orc priests
  Jessica (D:2)
  Terence (D:2)
  3 iguanas
  12 orc wizards
  A hound zombie (D:5)
  A howler monkey zombie (D:6)
  Robin (D:2)
  8 gnolls
  A howler monkey skeleton (D:3)
  4 adders
  An ufetubus (D:7)
  An adder zombie (D:5)
  An adder skeleton (D:4)
  2 worms
  3 dart slugs
  19 orcs
  9 ball pythons
  3 bats
  3 endoplasms
  3 giant cockroaches
  9 goblins
  15 hobgoblins
  8 jackals
  4 quokkas
  A frilled lizard (D:1)
  19 kobolds
  A rat (D:2)
224 creatures vanquished.

Vanquished Creatures (collateral kills)
  A worm (D:2)
  3 endoplasms (D:1)
  A giant cockroach (D:2)
  5 goblins
  3 hobgoblins (D:1)
  A kobold (D:1)
  A quokka (D:1)
  2 ball pythons (D:1)
  A frilled lizard (D:1)
  A rat (D:1)
19 creatures vanquished.

Vanquished Creatures (others)
  An orc (D:9)
  2 fungi
  35 plants
38 creatures vanquished.

Grand Total: 281 creatures vanquished

Notes
Turn   | Place    | Note
-------+----------+-------------------------------------------
     0 | D:1      | jasper the Djinni Hedge Wizard began the quest for the Orb.
     0 | D:1      | Reached XP level 1. HP: 15/15 MP: 0/0
    92 | D:1      | Found a stormy altar of Qazlal.
   270 | D:1      | Found a faded altar of an unknown god.
   363 | D:1      | Reached XP level 2. HP: 3/21 MP: 0/0
   990 | D:1      | Reached XP level 3. HP: 18/25 MP: 0/0
   990 | D:1      | Learned a level 1 spell: Animate Skeleton
  2036 | D:2      | Found Bim Sote's Antique Armour Emporium.
  2306 | D:2      | Noticed Terence
  2329 | D:2      | Killed Terence
  2330 | D:2      | Reached XP level 4. HP: 18/31 MP: 0/0
  2621 | D:2      | Noticed Jessica
  2622 | D:2      | Upgraded the game from 0.27-a0-1232-gc6a4cbde82 to
                  | 0.27-a0-1334-g2746e35aca
  2625 | D:2      | Killed Jessica
  2626 | D:2      | Reached XP level 5. HP: 32/35 MP: 0/0
  2626 | D:2      | Learned a level 2 spell: Poisonous Vapours
  3410 | D:2      | Noticed Robin
  3428 | D:2      | Killed Robin
  4337 | D:3      | Noticed a kobold brigand
  4337 | D:3      | Noticed a kobold brigand
  4618 | D:3      | Reached XP level 6. HP: 39/40 MP: 0/0
  4873 | D:3      | Reached skill level 5 in Spellcasting
  5494 | D:4      | Noticed an ogre
  5506 | D:4      | Killed an ogre
  5507 | D:4      | Reached XP level 7. HP: 23/45 MP: 0/0
  5507 | D:4      | Learned a level 3 spell: Confusing Touch
  5999 | D:4      | Reached skill level 1 in Fighting
  6105 | D:4      | Found a blossoming altar of Fedhas.
  6671 | D:5      | Entered Level 5 of the Dungeon
  6840 | D:5      | Reached skill level 1 in Evocations
  6975 | D:5      | Reached XP level 8. HP: 41/54 MP: 0/0
  7052 | D:5      | Noticed a wraith
  7150 | D:5      | Found a white marble altar of Elyvilon.
  7828 | D:5      | Found a bloodstained altar of Trog.
  7836 | D:5      | Found a faded altar of an unknown god.
  7840 | D:5      | Found a broken altar of Ashenzari.
  8571 | D:6      | Reached skill level 5 in Dodging
  8804 | D:6      | Reached XP level 9. HP: 57/62 MP: 0/0
  8804 | D:6      | Learned a level 4 spell: Leda's Liquefaction
  8862 | D:6      | Found Kotaeq's Armour Emporium.
  9091 | D:6      | Identified the +1 kite shield of Valour {rF+ rC+ Str+4}
  9103 | D:6      | Found Veum's Magic Scroll Boutique.
  9204 | D:6      | Bought a scroll of teleportation for 39 gold pieces
  9204 | D:6      | Bought a scroll of teleportation for 39 gold pieces
  9427 | D:6      | Reached skill level 5 in Fighting
  9572 | D:6      | Noticed Pikel
  9611 | D:6      | Killed Pikel
  9612 | D:6      | Reached skill level 5 in Evocations
 10027 | D:7      | Reached skill level 1 in Shields
 10530 | D:7      | Noticed Menkaure
 10543 | D:7      | Killed Menkaure
 10544 | D:7      | Reached XP level 10. HP: 56/75 MP: 0/0
 10961 | D:7      | Found a hide-covered altar of Uskayaw.
 11041 | D:7      | Found a staircase to the Ecumenical Temple.
 11096 | D:7      | Found an iron altar of Okawaru.
 11215 | Temple   | Entered the Ecumenical Temple
 11969 | D:8      | Found a burning altar of Makhleb.
 12319 | D:8      | Became a worshipper of Makhleb the Destroyer
 12567 | D:8      | Reached skill level 1 in Invocations
 12886 | D:9      | Noticed a two-headed ogre
 12919 | D:9      | Killed a two-headed ogre
 13067 | D:9      | Noticed a komodo dragon
 13074 | D:9      | Reached * piety under Makhleb
 13093 | D:9      | Killed a komodo dragon
 13634 | D:9      | Noticed Prince Ribbit
 13654 | D:9      | Killed Prince Ribbit
 13655 | D:9      | Reached XP level 11. HP: 71/84 MP: 0/0
 13655 | D:9      | Learned a level 4 spell: Olgreb's Toxic Radiance
 13920 | D:9      | Found a staircase to the Lair.
 14328 | Lair:1   | Entered Level 1 of the Lair of Beasts
 14642 | Lair:1   | Reached skill level 5 in Shields
 15014 | Lair:1   | Reached skill level 10 in Fighting
 15421 | Lair:2   | Found a staircase to the Swamp.
 15454 | Lair:2   | Noticed a six-headed hydra
 15463 | Lair:2   | Killed a six-headed hydra
 15539 | Lair:2   | Noticed a seven-headed hydra
 15547 | Lair:2   | Killed a seven-headed hydra
 15717 | Lair:2   | Noticed an elephant
 15742 | Lair:2   | Killed an elephant
 15957 | Lair:2   | Noticed an elephant
 15959 | Lair:2   | Noticed an elephant
 16048 | Lair:2   | Noticed an elephant
 16065 | Lair:2   | Reached XP level 12. HP: 50/91 MP: 0/0
 16109 | Lair:2   | HP: 4/91 [elephant (9)]
 16750 | Lair:3   | Reached skill level 10 in Shields
 16754 | Lair:3   | Reached ** piety under Makhleb
 16764 | Lair:3   | Mangled by a komodo dragon

Illustrated notes

Levels and vault maps discovered:
D:1:      dpeg_arrival_water_altar, layout_basic,
          hellmonk_ecumenical_altar_prayer_group, minmay_tromino_v4_b
D:2:      layout_loops_ring, serial_shops, shop, uniq_terence, uniq_robin,
          uniq_jessica
D:3:      cheibrodos_thug_alley, layout_loops_cross, kennysheep_generic_room_4
D:4:      layout_cave_pools, fedhas_altar_1, chequers_big_river
D:5:      layout_layer_cave, lemuel_round_altar,
          chequers_temple_overflow_minitemple, cheibrodos_gnoll_hut
D:6:      layout_loops_ring, nicolae_stop_n_shop_1, kennysheep_small_circle,
          uniq_pikel
D:7:      layout_basic, nicolae_overflow_crystal_walls, lemuel_doored_altar,
          minmay_temple_entry_overgrown, serial_park_tiny_2, uniq_menkaure
D:8:      layout_gridville, lemuel_tele_altar
D:9:      layout_big_octagon, david_lair_shrubbed, grunt_decor_fettered,
          nicolae_two_hexagons, uniq_prince_ribbit1
Temple:   minmay_temple_forest_path
Lair:1:   layout_big_grid
Lair:2:   layout_hall_layers, swamp_mist, grunt_megastairs_3
Lair:3:   layout_small_grid, kennysheep_basilisk_garden, grunt_megastairs_2,
          minmay_lair_oklob_chamber

Skill      XL: |  1  2  3  4  5  6  7  8  9 10 11 12 |
---------------+-------------------------------------+-----
Spellcasting   | 3 4 5 6 |  6.0
Fighting       | 2 4 7 9 10 | 10.0
Dodging        | 3 5 6 8 |  8.0
Evocations     | 1 3 5 |  5.0
Shields        | 2 4 9 10 | 10.6
Invocations    | 3 4 |  4.2
Stealth        | |  1.5

Action                   |  1- 3 |  4- 6 |  7- 9 | 10-12 || total
-------------------------+-------+-------+-------+-------++-------
Melee: Dagger            |     4 |       |       |       ||     4
       Lajatang          |       |     7 |    95 |       ||   102
       Whip              |       |       |    49 |   202 ||   251
 Cast: Magic Dart        |    56 |   100 |   103 |    23 ||   282
       Call Imp          |    13 |     3 |       |     3 ||    19
       Mephitic Cloud    |     1 |     3 |     6 |    18 ||    28
       Conjure Flame     |     1 |       |       |       ||     1
       Poisonous Vapours |       |    36 |    32 |    59 ||   127
       Animate Skeleton  |       |     1 |       |     2 ||     3
       Blink             |       |     1 |       |       ||     1
       Confusing Touch   |       |       |     2 |       ||     2
       Leda's Liquefacti |       |       |     2 |     2 ||     4
       Olgreb's Toxic Ra |       |       |       |    31 ||    31
Evoke: Wand              |       |       |     5 |    29 ||    34
  Use: Scroll            |       |     6 |     3 |     8 ||    17
       Potion            |       |       |       |     1 ||     1
 Stab: Confused          |     1 |       |     2 |     6 ||     9
       Sleeping          |       |       |     1 |       ||     1
Armor: Robe              |       |     9 |    85 |    64 ||   158
Dodge: Dodged            |     9 |    28 |   148 |   101 ||   286
Block: Kite shield       |       |       |    19 |   188 ||   207
       Reflection        |       |       |       |     4 ||     4

Table legend: (Time is in decaauts)
 A = Elapsed time spent in this place.
 B = Non-inter-level travel time spent in this place.
 C = Inter-level travel time spent in this place.
 D = Time resting spent in this place.
 E = Time spent auto-exploring this place.
 F = Levels seen in this place.
 G = Mean time per level.
                   A        B        C        D        E       F      G
               +--------+--------+--------+--------+--------+-----+--------+
         Total |  16895 |  16195 |    700 |   2155 |  11835 |  13 | 1299.6 |
       Dungeon |  13936 |  13372 |    564 |   2062 |   9456 |   9 | 1548.4 |
        Temple |    503 |    445 |     58 |      0 |    444 |   1 |  503.0 |
          Lair |   2454 |   2376 |     78 |     93 |   1935 |   3 |  818.0 |
               +--------+--------+--------+--------+--------+-----+--------+

Top non-repeatable levels by time:
     D:2: 2262 daAuts
     D:1: 2222 daAuts
     D:5: 1888 daAuts
     D:9: 1692 daAuts
  Lair:2: 1519 daAuts
     D:3: 1478 daAuts
     D:7: 1402 daAuts
     D:6: 1366 daAuts
  Lair:1: 909 daAuts
     D:8: 904 daAuts
     D:4: 718 daAuts
  Temple: 503 daAuts
  Lair:3: 25 daAuts
